 Dungeon Crawl Stone Soup version 0.25-a0-253-g6f1b5d974a (webtiles) character file.

Game seed: 11381072103174206690, levelgen mode: classic

10075 Borgoz the Fighter (level 11, -8/71 HPs)
             Began as a Gargoyle Monk on Dec 5, 2019.
             Was a High Priest of Okawaru.
             Mangled by a 14-headed hydra (9 damage)
             ... on level 11 of the Dungeon.
             The game lasted 00:28:53 (11750 turns).

Borgoz the Fighter (Gargoyle Monk)                 Turns: 11750, Time: 00:28:54

Health: -8/71      AC: 24    Str: 20    XL:     11   Next: 56%
Magic:  18/18      EV: 11    Int: 12    God:    Okawaru [*****.]
Gold:   594        SH:  0    Dex: 12    Spells: 16/20 levels left

rFire    + . .     SeeInvis .   b - +7 lajatang of Order {silver, rMut}
rCold    . . .     Gourm    .   (shield currently unavailable)
rNeg     + . .     Faith    .   p - +3 chain mail {rF+}
rPois    ∞         Spirit   .   B - +0 hat {MR+}
rElec    +         Reflect  .   E - +0 cloak
rCorr    .         Harm     .   n - +0 pair of gloves
rMut     +                      (no boots)
MR       +....                  (no amulet)
Stlth    ..........             A - +3 ring of strength
HPRegen  0.21/turn              o - +2 ring of slaying
MPRegen  0.16/turn

@: about to teleport
A: negative energy resistance 1, electricity resistance, unbreathing,
petrification resistance, rot immunity, AC +8
a: Heroism, Finesse, Renounce Religion


You were on level 11 of the Dungeon.
You worshipped Okawaru.
Okawaru was extremely pleased with you.
You were not hungry.

You visited 2 branches of the dungeon, and saw 14 of its levels.

You collected 832 gold pieces.
You spent 238 gold pieces at shops.

Inventory:

Hand Weapons
 a - a +0 falchion
 b - the +7 lajatang of Order (weapon) {silver, rMut}
   (You found it on level 8 of the Dungeon)

   It protects you from mutation.
 z - a +1 great sword
Armour
 n - a +0 pair of gloves (worn)
 p - a +3 chain mail of fire resistance (worn)
 B - a +0 hat of magic resistance (worn)
 E - a +0 cloak (worn)
Jewellery
 h - an uncursed ring of wizardry
 o - a +2 ring of slaying (right hand)
 t - an uncursed ring of flight
 u - an uncursed ring of fire
 A - a +3 ring of strength (left hand)
 I - an uncursed ring of positive energy
Scrolls
 f - 3 scrolls of remove curse
 i - 3 scrolls of enchant weapon
 j - 2 scrolls of enchant armour
 q - a scroll of amnesia
 s - 3 scrolls of magic mapping
 x - a scroll of teleportation
 D - 4 scrolls of identify
Potions
 d - a potion of magic
 e - a potion of haste
 g - 3 potions of brilliance
 k - a potion of ambrosia {unknown}
 l - 3 potions of might
 m - 2 potions of mutation
 r - 4 potions of curing
 w - 2 potions of heal wounds
 C - a potion of invisibility
 F - a potion of cancellation
 G - a potion of berserk rage
Comestibles
 c - 22 rations
 H - 3 chunks of flesh


   Skills:
 + Level 9.1 Fighting
 + Level 7.6 Long Blades
 + Level 8.2 Armour
 + Level 6.8 Dodging
 - Level 2.1 Stealth
 - Level 5.0 Spellcasting
 - Level 5.0 Hexes
 - Level 5.0 Invocations


You had 16 spell levels left.
You knew the following spells:

 Your Spells              Type           Power        Failure   Level  Hunger
a - Confusing Touch       Hex            ###...       21%         1    None
b - Confuse               Hex            ###.....     52%         3    ###....

Your spell library contained the following spells:

 Spells                   Type           Power        Failure   Level  Hunger
 Shock                    Conj/Air       #...         83%         1    None
 Poisonous Vapours        Pois/Air       #.....       93%         2    ##.....
 Swiftness                Chrm/Air       #.......     93%         2    ##.....
 Conjure Flame            Conj/Fire      #.......     99%         3    ###....
 Gell's Gravitas          Tloc           #.........   99%         3    ###....
 Mephitic Cloud           Conj/Pois/Air  #.......     99%         3    ###....
 Static Discharge         Conj/Air       #.......     99%         3    ###....
 Airstrike                Air            #.........   100%        4    ####...
 Petrify                  Tmut/Erth      #.......     100%        4    ####...
 Lightning Bolt           Conj/Air       #.........   100%        5    ######.
 Metabolic Englaciation   Hex/Ice        #.........   100%        5    ######.
 Yara's Violent Unravell  Hex/Tmut       #.........   100%        5    ######.
 Freezing Cloud           Conj/Ice/Air   #.........   100%        6    #######
 Ring of Flames           Chrm/Fire      #.........   100%        7    #######


Dungeon Overview and Level Annotations

Branches:
Dungeon (13/15)            Temple (1/1) D:7            Lair (0/6) D:11
    Orc (0/2) D:11
 Vaults: D:13-14

Altars:
Ashenzari
Cheibriados
Dithmenos
Elyvilon
Fedhas
Gozag
Hepliaklqana
Kikubaaqudgha
Makhleb
Nemelex Xobeh
Okawaru
Qazlal
Ru
Sif Muna
Trog
Uskayaw
Vehumet
Wu Jian
Xom
Yredelemnul
Zin
The Shining One

Shops:
D:4 }   D:9 [   D:12 !


Innate Abilities, Weirdness & Mutations

You are resistant to torment.
Your stone body is resilient. (AC +8)
You are immune to poison.
You resist negative energy. (rN+)
You are resistant to electric shocks. (rElec)
You can survive without breathing.
You are immune to petrification.
You are immune to rotting.


Message History

The 14-headed hydra bites you but does no damage.
The 14-headed hydra barely misses you.
The 14-headed hydra bites you but does no damage.
The 14-headed hydra closely misses you. The 14-headed hydra bites you.
* * * LOW HITPOINT WARNING * * *
The 14-headed hydra bites you but does no damage. x2
The 14-headed hydra barely misses you. The 14-headed hydra bites you.
* * * LOW HITPOINT WARNING * * *
The 14-headed hydra bites you.
* * * LOW HITPOINT WARNING * * *
The 14-headed hydra bites you but does no damage. x2
The 14-headed hydra completely misses you.
As you read the scroll of teleportation, it crumbles to dust.
You feel strangely unstable. The 14-headed hydra closely misses you.
The 14-headed hydra barely misses you. The 14-headed hydra bites you.
* * * LOW HITPOINT WARNING * * *
The 14-headed hydra barely misses you.
The 14-headed hydra bites you but does no damage. x2
The 14-headed hydra misses you. The 14-headed hydra bites you!
You die...

....####.#.#.#..# #..##
#.#.)....# #.##
#.##..##.# #.#
#........# +# # ..#
#.#.#.##.# ... #.#
#..#.....# ...$ #.#
#.##....## .....
#.#######.#...####......
...........#....@D......
..#########...####......
### ##.## ..... # #.#
.... # #.# ... # #.# +#
# #.# ... ..


You could see a 14-headed hydra.

Vanquished Creatures
  An unseen horror (D:11)
  A wizard (D:11)
  Pikel (D:9)
  A manticore (D:13)
  An ugly thing (D:12)
  Maurice (D:8)
  Psyche (D:8)
  A komodo dragon (D:11)
  A troll (D:9)
  2 hippogriffs
  2 hornets
  6 yaks
  A hungry ghost (D:8)
  A soldier ant (D:13)
  A water moccasin (D:6)
  A porcupine (D:11)
  Duvessa (D:5)
  2 orc warriors (D:8)
  2 ice beasts
  4 slaves (D:9)
  2 black bears (D:11)
  2 necrophages (D:8)
  A phantom (D:6)
  4 sky beasts
  5 ogres
  8 centaurs
  7 bullfrogs
  Dowan (D:5)
  4 scorpions
  4 killer bees (D:8)
  An electric eel (D:12)
  2 howler monkeys
  4 crimson imps
  A centaur zombie (D:8)
  2 quasits
  A gnoll shaman (D:3)
  2 bullfrog zombies
  A centaur skeleton (D:5)
  A jelly (D:4)
  2 hounds
  7 orc priests
  5 orc wizards
  4 iguanas
  Ijyb (D:4)
  9 worker ants
  A hound zombie (D:5)
  A hound skeleton (D:6)
  A howler monkey zombie (D:7)
  2 worker ant zombies (D:9)
  12 adders
  7 gnolls
  3 shadow imps
  An ooze (D:1)
  3 adder skeletons (D:5)
  An adder zombie (D:5)
  2 worms
  3 dart slugs
  5 leopard geckos
  27 orcs
  2 ball pythons
  5 giant cockroaches
  6 goblins
  12 hobgoblins
  6 jackals
  3 quokkas
  2 bats
  A frilled lizard (D:2)
  A giant cockroach zombie (D:6)
  A jackal zombie (D:8)
  5 kobolds
  A quokka skeleton (D:8)
  3 quokka zombies
  6 rats
236 creatures vanquished.

Vanquished Creatures (others)
  5 fungi (D:11)
  A plant (D:11)
6 creatures vanquished.

Grand Total: 242 creatures vanquished

Notes
Turn   | Place    | Note
-------+----------+-------------------------------------------
     0 | D:1      | Borgoz the Gargoyle Monk began the quest for the Orb.
     0 | D:1      | Reached XP level 1. HP: 14/14 MP: 1/1
   275 | D:1      | Reached XP level 2. HP: 2/19 MP: 2/2
   777 | D:1      | Reached skill level 1 in Armour
   797 | D:1      | Reached XP level 3. HP: 12/23 MP: 3/3
  1409 | D:2      | Reached XP level 4. HP: 26/29 MP: 4/4
  1491 | D:2      | You fall into a shaft and drop 1 floor!
  1491 | D:3      | Found a hazy altar of Hepliaklqana.
  1663 | D:3      | Found a sacrificial altar of Ru.
  1679 | D:3      | Reached skill level 4 in Fighting
  1822 | D:3      | Found a glowing silver altar of Zin.
  1844 | D:3      | Found a shimmering altar of Xom.
  1847 | D:3      | Found an opulent altar of Gozag.
  2531 | D:4      | Learned a level 1 spell: Confusing Touch
  2537 | D:4      | Noticed Ijyb
  2586 | D:4      | Killed Ijyb
  2586 | D:4      | Reached XP level 5. HP: 30/33 MP: 5/5
  3494 | D:4      | Reached skill level 1 in Hexes
  3706 | D:4      | Reached skill level 1 in Spellcasting
  3706 | D:4      | Reached XP level 6. HP: 39/39 MP: 7/7
  3784 | D:4      | Found Rumet's Gadget Boutique.
  4100 | D:5      | Entered Level 5 of the Dungeon
  4908 | D:5      | Reached XP level 7. HP: 37/44 MP: 9/9
  5164 | D:5      | Found an iron altar of Okawaru.
  5174 | D:5      | Became a worshipper of Warmaster Okawaru
  5174 | D:5      | Reached * piety under Okawaru
  5174 | D:5      | Reached ** piety under Okawaru
  5277 | D:5      | Noticed Dowan
  5278 | D:5      | Noticed Duvessa
  5307 | D:5      | Killed Duvessa
  5307 | D:5      | Reached skill level 5 in Fighting
  5316 | D:5      | You fall into a shaft and drop 3 floors!
  5316 | D:8      | Noticed a hornet
  5334 | D:8      | Killed a hornet
  5334 | D:8      | Reached skill level 1 in Invocations
  5338 | D:8      | Reached XP level 8. HP: 38/49 MP: 8/11
  5656 | D:8      | Reached *** piety under Okawaru
  5864 | D:8      | Noticed an eight-headed hydra
  5866 | D:8      | Found the +7 lajatang of Order {silver, rMut}
  5951 | D:8      | Reached skill level 6 in Fighting
  6268 | D:7      | Reached XP level 9. HP: 55/55 MP: 13/13
  6313 | D:7      | Reached skill level 5 in Long Blades
  6463 | D:7      | Found a staircase to the Ecumenical Temple.
  6477 | Temple   | Entered the Ecumenical Temple
  6765 | D:7      | Learned a level 3 spell: Confuse
  6923 | D:6      | Reached **** piety under Okawaru
  6923 | D:6      | Reached skill level 5 in Armour
  8544 | D:5      | Killed Dowan
  8544 | D:5      | Reached skill level 5 in Dodging
  9128 | D:8      | Reached XP level 10. HP: 55/61 MP: 16/16
  9131 | D:8      | Noticed Maurice
  9157 | D:8      | Reached skill level 7 in Fighting
  9186 | D:8      | Paralysed by something for 3 turns
  9206 | D:8      | Killed Maurice
  9246 | D:8      | Reached skill level 5 in Invocations
  9352 | D:8      | Reached ***** piety under Okawaru
  9683 | D:9      | Received a gift from Okawaru
  9731 | D:9      | Noticed Pikel
  9758 | D:9      | Killed Pikel
  9758 | D:9      | Reached skill level 5 in Hexes
  9925 | D:9      | Noticed Psyche
 10077 | D:8      | Killed Psyche
 10077 | D:8      | Received a gift from Okawaru
 10077 | D:8      | Reached skill level 5 in Spellcasting
 10596 | D:9      | Found a bloodstained altar of Trog.
 10618 | D:9      | Found Esocof's Armour Emporium.
 10668 | D:10     | Entered Level 10 of the Dungeon
 10715 | D:10     | You fall into a shaft and drop 3 floors!
 10725 | D:13     | Noticed a manticore
 10733 | D:13     | Killed a manticore
 10733 | D:13     | Reached skill level 8 in Fighting
 10842 | D:12     | Reached XP level 11. HP: 68/68 MP: 18/18
 10843 | D:12     | Noticed a green ugly thing
 10851 | D:12     | Killed a green ugly thing
 10853 | D:11     | Noticed a six-headed hydra
 10951 | D:12     | Found Dedob's Distillery.
 10973 | D:12     | Bought a potion of might for 68 gold pieces
 10973 | D:12     | Bought a potion of berserk rage for 85 gold pieces
 10973 | D:12     | Bought a potion of heal wounds for 85 gold pieces
 11060 | D:11     | Killed an unseen horror
 11391 | D:11     | Reached skill level 9 in Fighting
 11494 | D:11     | Noticed a wizard
 11506 | D:11     | Killed a wizard
 11541 | D:11     | Found a staircase to the Lair.
 11653 | D:11     | Found a staircase to the Orcish Mines.
 11750 | D:11     | HP: 1/71 [14-headed hydra (3)]
 11750 | D:11     | Mangled by a 14-headed hydra

Levels and vault maps discovered:
D:1:      minmay_arrival_four_houses, layout_basic
D:2:      layout_basic
D:3:      layout_loops_ring, lemuel_round_altar,
          grunt_temple_overflow_cloverleaf, first_ration
D:4:      layout_loops_ring, serial_shops, kennysheep_mini, kennysheep_nub,
          uniq_ijyb
D:5:      layout_cave_pools, serial_undead, serial_undead_a, serial_undead_b,
          serial_undead_d, serial_undead_e, serial_undead_d, serial_undead_a,
          serial_undead_e, serial_undead_b, okawaru_altar_gauntlet_db,
          uniq_duvessa
D:6:      layout_basic, minmay_pentangle
D:7:      layout_loops_corners, minmay_temple_entry_mini_moons
D:8:      kennysheep_windowed_halls, layout_basic, uniq_maurice
D:9:      layout_cross, kennysheep_little_box, serial_shops,
          kennysheep_mini_moat, uniq_psyche, uniq_pikel
D:10:     layout_stronghold, enter_bailey_2, serial_shops,
          nicolae_shop_waterfront
D:11:     layout_loops_corners, due_lair_maze_entry_diamond, orc_0_dummy,
          lightli_wizard_tower
D:12:     layout_cave_pods, serial_shops, nicolae_shop_behind_doors,
          nicolae_shop_statue_plus, shop, blue_anna_alchemist
          [blue_anna_fruit_fields, blue_anna_fruit_fields], minivault_4,
          kennysheep_generic_room_4, uniq_jorgrun
D:13:     layout_loops_ring
Temple:   regret_index_temple_sphere_string

Skill      XL: |  1  2  3  4  5  6  7  8  9 10 11 |
---------------+----------------------------------+-----
Armour         | 1 2 3 4 5 7 8 |  8.2
Long Blades    | 3 4 5 6 7 |  7.6
Fighting       | 4 5 6 8 9 |  9.1
Dodging        | 3 4 5 6 |  6.8
Hexes          | 1 2 3 4 5 |  5.0
Spellcasting   | 1 2 3 4 5 |  5.0
Invocations    | 1 3 4 5 |  5.0
Stealth        | |  2.1

Action                   |  1- 3 |  4- 6 |  7- 9 | 10-12 || total
-------------------------+-------+-------+-------+-------++-------
Melee: Falchion          |   111 |   312 |   543 |    85 ||  1051
       Lajatang          |       |       |       |   234 ||   234
Invok: Heroism           |       |       |     3 |     1 ||     4
Evoke: Wand              |       |     2 |     7 |    14 ||    23
  Use: Scroll            |       |     8 |     9 |     6 ||    23
       Potion            |       |     1 |     3 |     1 ||     5
 Stab: Sleeping          |     2 |     1 |       |       ||     3
       Paralysed         |       |       |     8 |    11 ||    19
  Eat: Chunk             |     2 |    11 |    18 |     9 ||    40
       Ration            |       |       |     4 |       ||     4
Armor: Ring mail         |    50 |    79 |       |       ||   129
       Robe              |     4 |       |       |       ||     4
       Chain mail        |       |   182 |   430 |   369 ||   981
Dodge: Dodged            |    84 |   175 |   270 |   245 ||   774
       Rpst.: Falchion   |    25 |    55 |    87 |     8 ||   175

Table legend:
 A = Non-vault XP
 B = Vault XP
 C = Vault XP percentage of total XP
 D = Non-vault monster count
 E = Vault monster count
 F = Vault count percentage of total count
                 A         B        C        D         E       F
            +---------+---------+-------+---------+---------+-------
      Total |    8961 |    5432 |  37.7 |     180 |      52 |  22.4
            +---------+---------+-------+---------+---------+-------
        D:1 |      38 |       0 |   0.0 |      18 |       0 |   0.0
        D:2 |      56 |       0 |   0.0 |      16 |       0 |   0.0
        D:3 |     132 |       0 |   0.0 |      21 |       0 |   0.0
        D:4 |     183 |      36 |  16.4 |      13 |       1 |   7.1
        D:5 |     136 |     351 |  72.1 |       8 |      16 |  66.7
        D:6 |     733 |     450 |  38.0 |      18 |       6 |  25.0
        D:7 |     988 |       0 |   0.0 |      17 |       0 |   0.0
        D:8 |    1170 |    2357 |  66.8 |      19 |      18 |  48.6
        D:9 |     794 |     593 |  42.8 |      20 |       1 |   4.8
       D:10 |      49 |       0 |   0.0 |       1 |       0 |   0.0
       D:11 |    1646 |    1645 |  50.0 |       8 |      10 |  55.6
       D:12 |    1879 |       0 |   0.0 |      14 |       0 |   0.0
       D:13 |    1157 |       0 |   0.0 |       7 |       0 |   0.0
            +---------+---------+-------+---------+---------+-------
